 Dungeon Crawl Stone Soup version 0.31.0-32-g396128a36d (webtiles) character file.

Game seed: 1413660759736119795

438 Marvel the Cudgeller (level 6, -1/61 HPs)
             Began as a Troll Berserker on Mar 14, 2024.
             Was a Priest of Trog.
             Slain by a killer bee (3 damage)
             ... on level 4 of the Dungeon.
             The game lasted 00:03:51 (2246 turns).

Marvel the Cudgeller (Troll Berserker)              Turns: 2246, Time: 00:03:51

Health: -1/61      AC:  4    Str: 28    XL:     6   Next: 69%
Magic:  5/5        EV: 10    Int:  3    God:    Trog [***...]
Gold:   107        SH:  0    Dex:  9    Spells: 5/5 levels left

rFire   . . .        a - +0 mace
rCold   . . .        (no shield)
rNeg    . . .        b - +0 animal skin
rPois   .            (helmet restricted)
rElec   .            (no cloak)
rCorr   .            (gloves unavailable)
SInv    .            (boots unavailable)
Will    .....        (no amulet)
Stlth   +            (no ring)
HPRegen 1.10/turn    (no ring)
MPRegen 0.09/turn

%: no passive effects
@: lethally poisoned (-1 -> -14), on berserk cooldown, slowed, very slow
A: large, unfitting armour, claws 3, regeneration 1, shaggy fur 1, tough skin 1
a: Renounce Religion, Berserk, Trog's Hand


You were on level 4 of the Dungeon.
You worshipped Trog.
Trog was most pleased with you.
You visited 1 branch of the dungeon, and saw 4 of its levels.

You collected 107 gold pieces.

Inventory:

Hand Weapons
 a - a +0 mace (weapon)
 m - the +3 dagger of the Sheltering Gods {elec, Str+5}
   (You found it on level 2 of the Dungeon)

   Str+5:     It affects your strength (+5).
 o - the +5 sling of the Sea {drain, Dex+3}
   (You found it on level 4 of the Dungeon)

   Dex+3:     It affects your dexterity (+3).
Armour
 b - a +0 animal skin (worn)
Scrolls
 f - 2 scrolls of fog {unknown}
 j - a scroll of poison {unknown}
 k - 2 scrolls of enchant armour {unknown}
 l - 3 scrolls of teleportation {unknown}
 p - a scroll of summoning {unknown}
Potions
 c - a potion of heal wounds {unknown}
 d - 2 potions of ambrosia {unknown}
 e - 2 potions of lignification {unknown}
 g - a potion of mutation {unknown}
 h - 3 potions of curing {unknown}
 i - a potion of cancellation {unknown}
 n - a potion of invisibility {unknown}


   Skills:
 + Level 3.2 Fighting
 + Level 5.7 Maces & Flails
 + Level 3.7 Dodging


You had 5 spell levels left.
You didn't know any spells.
Your spell library was empty.

Dungeon Overview and Level Annotations

Branches:
Dungeon (4/15)
 Temple: D:4-7

Altars:
Hepliaklqana

Shops:
D:3 (

Annotations:
D:3 Grinder


Innate Abilities, Weirdness & Mutations

You are too large for most types of armour.
You have claws for hands.
Your natural rate of healing is unusually fast.
You are covered in fur. (AC +1)
You have tough skin. (AC +1)


Message History

You closely miss the killer bee.
The killer bee is heavily wounded.
You feel sick.
The killer bee stings you but does no damage. x2
The killer bee stings you!
You closely miss the killer bee.
The killer bee is heavily wounded.
You feel sick.
You are no longer poisoned.
The killer bee stings you. The killer bee barely misses you.
The killer bee completely misses you. The killer bee closely misses you.
You sock the killer bee!
The killer bee is almost dead.
The killer bee stings you but does no damage.
The killer bee stings you.
You are poisoned.
The killer bee poisons you! The killer bee closely misses you.
You sock the killer bee!
You kill the killer bee!
Trog accepts your kill.
You feel very sick. The killer bee stings you.
The killer bee stings you but does no damage.
You closely miss the killer bee.
You feel sick. The killer bee stings you.
You are more poisoned.
The killer bee poisons you! The killer bee stings you.
* * * LOW HITPOINT WARNING * * *
The killer bee stings you.
* * * LOW HITPOINT WARNING * * *
You are lethally poisoned!
The killer bee poisons you!
You barely miss the killer bee.
* * * LOW HITPOINT WARNING * * *
You feel extremely sick. The killer bee stings you.
* * * LOW HITPOINT WARNING * * *
You are more poisoned.
The killer bee poisons you! The killer bee closely misses you.
The killer bee stings you.
You die...

## #.# #
###########>#.##
#.########..........#
#.#
#.....y@..........#
#.
#.########.######.##
## #.# ### #.
#.####### ..##.#
#....)..###'#. #
####).....#_# #
#.##...#'## #
#.##..#...#.#
#.#####.#.#..


You could see a killer bee.

Vanquished Creatures
  3 killer bees (D:4)
  4 orc priests (D:4)
  An orc wizard (D:4)
  8 adders
  5 dart slugs
  7 orcs
  4 endoplasms
  3 giant cockroaches
  5 goblins
  A hobgoblin (D:2)
  10 jackals
  4 kobolds
  3 quokkas
  8 ball pythons
  9 bats
  A frilled lizard (D:1)
  7 rats
83 creatures vanquished.

Notes
Turn   | Place    | Note
-------+----------+-------------------------------------------
     0 | D:1      | Marvel the Troll Berserker began the quest for the Orb.
     0 | D:1      | Reached XP level 1. HP: 22/22 MP: 0/0
   265 | D:1      | Reached XP level 2. HP: 29/29 MP: 1/1
   298 | D:1      | Reached skill level 3 in Maces & Flails
   840 | D:2      | Reached XP level 3. HP: 36/36 MP: 2/2
   945 | D:2      | Reached ** piety under Trog
  1068 | D:2      | Reached XP level 4. HP: 44/44 MP: 3/3
  1246 | D:2      | Identified the +3 dagger of the Sheltering Gods {elec,
                  | Str+5}
  1433 | D:2      | Reached skill level 4 in Maces & Flails
  1561 | D:3      | Found Berui's Weapon Shoppe.
  1669 | D:3      | Noticed Grinder
  1739 | D:4      | Identified the +5 sling of the Sea {drain, Dex+3}
  1813 | D:4      | Reached XP level 5. HP: 53/53 MP: 4/4
  1820 | D:4      | Reached *** piety under Trog
  2120 | D:4      | Found a hazy altar of Hepliaklqana.
  2129 | D:4      | Reached skill level 5 in Maces & Flails
  2161 | D:4      | Reached XP level 6. HP: 49/61 MP: 5/5
  2246 | D:4      | HP: 2/61 [killer bee (5)]
  2246 | D:4      | Slain by a killer bee

Illustrated notes

Levels and vault maps discovered:
D:1:      shiori_arrival_whats_in_store_for_you, layout_basic
D:2:      layout_loops_cross, minivault_5
D:3:      layout_loops_ring, marbit_many_paths, serial_shops,
          nicolae_shop_tiny_real_fake_doors, uniq_grinder
D:4:      layout_loops_ring, kennysheep_mini, serial_shops, shop,
          supply_closet_lemuel

Skill      XL: |  1  2  3  4  5 |
---------------+----------------+-----
Maces & Flails | 3 4 5 |  5.7
Fighting       | 3 |  3.2
Dodging        | 3 |  3.7

Action                     |  1- 3 |  4- 6 || total
---------------------------+-------+-------++-------
  Melee: Mace              |   107 |   195 ||   302
         Punch             |       |     3 ||     3
 Invoke: Berserk           |       |     1 ||     1
 Armour: Animal skin       |    99 |   182 ||   281
  Dodge: Dodged            |    74 |   139 ||   213
